 Dungeon Crawl Stone Soup version 0.29.1-14-g9c671dbff4 (webtiles) character file.

Game seed: 8253647364340131997

14 Eitelfritz the Covered (level 2, -1/19 HPs)
             Began as a Gargoyle Fighter on Feb 17, 2023.
             Slain by a rat (2 damage)
             ... on level 1 of the Dungeon.
             The game lasted 00:01:23 (314 turns).

Eitelfritz the Covered (Gargoyle Fighter)            Turns: 314, Time: 00:01:24

Health: -1/19      AC:  9    Str: 19    XL:     2   Next: 41%
Magic:  2/2        EV:  9    Int:  8    God:
Gold:   24         SH:  4    Dex:  9    Spells: 1/1 levels left

rFire   . . .      SeeInvis .   a - +0 flail
rCold   . . .      Faith    .   c - +0 buckler
rNeg    + . .      Spirit   .   b - +0 scale mail
rPois   ∞          Reflect  .   (no helmet)
rElec   +          Harm     .   (no cloak)
rCorr   .          Rampage  .   (no gloves)
Will    .....                   (no boots)
Stlth   ..........              (no amulet)
HPRegen 0.06/turn               (no ring)
MPRegen 0.08/turn               (no ring)

@: no status effects
A: sickness immunity, AC +2, negative energy resistance 1, electricity
resistance, torment resistance 1, petrification resistance
a: no special abilities


You were on level 1 of the Dungeon.
You visited 1 branch of the dungeon, and saw 1 of its levels.

You collected 24 gold pieces.

Inventory:

Hand Weapons
 a - a +0 flail (weapon)
Armour
 b - a +0 scale mail (worn)
 c - a +0 buckler (worn)
Scrolls
 e - a scroll of identify {unknown}
 g - a scroll of teleportation {unknown}
Potions
 d - a potion of might
 f - a potion of heal wounds {unknown}


   Skills:
 + Level 3.6 Fighting
 + Level 2.0 Maces & Flails
 + Level 3.6 Armour
 + Level 3.5 Shields


You had one spell level left.
You didn't know any spells.
Your spell library was empty.

Dungeon Overview and Level Annotations

Branches:
Dungeon (1/15)

Altars:


Innate Abilities, Weirdness & Mutations

You are immune to sickness and miasma.
Your stone body is resilient. (AC +2)
You are immune to poison.
You resist negative energy. (rN+)
You are resistant to electric shocks. (rElec)
You are resistant to unholy torment.
You are immune to petrification.


Message History

The jackal bites you. The quokka closely misses you.
The jackal bites you but does no damage.
The quokka bites you.
You hit the jackal.
The jackal is heavily wounded.
The jackal bites you but does no damage.
You block the quokka's attack. The jackal barely misses you.
The jackal bites you but does no damage.
The jackal attacks as you move away! The jackal misses you.
The jackal attacks as you move away!
The jackal bites you but does no damage.
The quokka closely misses you.
Unknown command.
The jackal bites you. The jackal attacks as you move away!
The jackal barely misses you. You block the jackal's attack.
The jackal bites you. The jackal attacks as you move away!
The jackal bites you. The rat attacks as you move away!
You block the rat's attack. The jackal attacks as you move away!
The jackal misses you. The rat attacks as you move away! The rat bites you.
* * * LOW HITPOINT WARNING * * *
The jackal barely misses you. The jackal attacks as you move away!
The jackal closely misses you. The rat attacks as you move away!
The rat bites you but does no damage. The jackal attacks as you move away!
The jackal closely misses you. The jackal bites you.
* * * LOW HITPOINT WARNING * * *
You hit the jackal.
You kill the jackal!
You barely miss the quokka.
The quokka bites you but does no damage.
The quokka bites you.
* * * LOW HITPOINT WARNING * * *
You closely miss the quokka. The quokka barely misses you.
The quokka closely misses you.
Unknown command.
You hit the quokka.
You kill the quokka!
The rat bites you.
You die...

#.##.#P♣PPP~~~~P~~~♣.
#.##.~~~~~≈≈~~~P~~~P♣
####.##♣~~~~~~~~P~P~~~~P
##....#
.~~~~~P~P~~~~~.~.
#..####
.#♣♣♣~~....~.....
#######.##
.###J.............
.....##.# ##.
#h.......?.....~
...=...># #..
#r#....~..~~P~~~
.......## #.#
#@###♣~P~~PPPP~♣
.......#
#.###.....~♣P~♣♣~~~♣
...†..># #.##...####♣♣♣♣
♣♣♣. .......# #.##..##
.......### #.##..#
.........###.##..###.#
.......#..†..........#
......^#####.#.........
.......# #....~.~~###


You could see an endoplasm, a jackal and a rat.

Vanquished Creatures
  A ball python (D:1)
  A bat (D:1)
  An endoplasm (D:1)
  A goblin (D:1)
  4 jackals (D:1)
  A quokka (D:1)
  A frilled lizard (D:1)
  A kobold (D:1)
  2 rats (D:1)
13 creatures vanquished.

Vanquished Creatures (others)
  3 plants (D:1)
3 creatures vanquished.

Grand Total: 16 creatures vanquished

Notes
Turn   | Place    | Note
-------+----------+-------------------------------------------
     0 | D:1      | Eitelfritz the Gargoyle Fighter began the quest for the
                  | Orb.
     0 | D:1      | Reached XP level 1. HP: 14/14 MP: 1/1
   234 | D:1      | Reached XP level 2. HP: 19/19 MP: 2/2
   314 | D:1      | Slain by a rat

Illustrated notes

Levels and vault maps discovered:
D:1:      sevenhm_arrival_forest_fort_large_4, layout_rooms, serial_bayou,
          serial_bayou_pond_d, serial_bayou_lagoon_b, serial_bayou_ford_a,
          serial_bayou_pond_a

Action                   || total
-------------------------++-------
Melee: Flail             ||    36
Armor: Scale mail        ||    27
Dodge: Dodged            ||    28
Block: Buckler           ||     5
